General information
- name: BNet
- type: Ladder team game (AT/RT)
- host: Battle.net
- saver: Flashbang_Omnix
map: Deathknell
- players: 8
- length: 25:36
- speed: Fast
- version: 1.26 W3XP
- replay type: Public
» download(181 KB)
Players
team 1 (loser)
WoaahH (
pink | 48 APM | 958 actions | 19:45)
3 Blademaster
1 Wind Walk
2 Critical Strike
3 Shadow Hunter
2 Healing Wave
1 Hex
» actions
| Assign group hotkey | 9 | |
| Basic commands | 75 | |
| Build / train | 65 | |
| Enter build submenu | 21 | |
| Enter hero's abilities submenu | 6 | |
| Remove unit from queue | 1 | |
| Right click | 409 | |
| Select / deselect | 283 | |
| Select group hotkey | 30 | |
| Use ability | 59 | |
958 total
» units
| Peon | 9 | |
| Grunt | 5 | |
| Shaman | 6 | |
| Tauren | 6 | |
| Troll Headhunter/Berserker | 1 | |
| Troll Batrider | 2 | |
29 total
» upgrades
| Armor | 2 | |
| Melee Weapons | 1 | |
| Shaman Training | 2 | |
| Pulverize | 1 | |
| Berserker Upgrade | 1 | |
7 total
» buildings
| Orc Burrow | 5 | |
| Altar of Storms | 1 | |
| Voodoo Lounge | 1 | |
| Barracks | 1 | |
| War Mill | 1 | |
| Stronghold | 2 | |
| Watch Tower | 2 | |
| Fortress | 1 | |
| Spirit Lodge | 2 | |
| Tauren Totem | 2 | |
| Great Hall | 1 | |
| Beastiary | 2 | |
21 total
» build order
00:02 Orc Burrow
00:07 Altar of Storms
00:48 Voodoo Lounge
01:34 Barracks
01:50 Orc Burrow
02:59 War Mill
04:17 Stronghold
05:12 Orc Burrow
05:13 Orc Burrow
06:16 Watch Tower
06:18 Watch Tower
06:55 Fortress
06:58 Spirit Lodge
07:03 Spirit Lodge
09:20 Tauren Totem
09:50 Tauren Totem
14:26 Great Hall
14:33 Orc Burrow
16:18 Beastiary
16:51 Beastiary
» items
| Healing Salve | 3 | |
| Lesser Clarity Potion | 4 | |
| Scroll of Speed | 1 | |
| Orb of Lightning | 3 | |
| Potion of Mana | 1 | |
| Potion of Healing | 1 | |
13 total

»
YeaIguess (
teal | 60 APM | 1278 actions | 21:18)
4 Death Knight
2 Death Coil
1 Unholy Aura
1 Death Pact
3 Lich
2 Frost Nova
1 Frost Armor
» actions
| Assign group hotkey | 2 | |
| Basic commands | 2 | |
| Build / train | 66 | |
| ESC pressed | 3 | |
| Enter build submenu | 20 | |
| Enter hero's abilities submenu | 7 | |
| Give item / drop item | 3 | |
| Right click | 745 | |
| Select / deselect | 355 | |
| Use ability | 75 | |
1278 total
» units
| Acolyte | 7 | |
| Ghoul | 4 | |
| Crypt Fiend | 16 | |
| Frost Wyrm | 4 | |
31 total
» upgrades
| Creature Attack | 3 | |
| Creature Carapace | 3 | |
| Web | 1 | |
7 total
» buildings
| Graveyard | 1 | |
| Crypt | 1 | |
| Ziggurat | 6 | |
| Altar of Darkness | 1 | |
| Tomb of Relics | 2 | |
| Nerubian Tower | 1 | |
| Halls of the Dead | 1 | |
| Spirit Tower | 1 | |
| Sacrificial Pit | 1 | |
| Black Citadel | 1 | |
| Boneyard | 1 | |
| Necropolis | 1 | |
18 total
» build order
00:08 Graveyard
00:11 Crypt
00:40 Ziggurat
00:56 Altar of Darkness
01:32 Ziggurat
01:52 Tomb of Relics
02:12 Nerubian Tower
04:45 Halls of the Dead
05:46 Ziggurat
09:36 Ziggurat
10:51 Spirit Tower
11:24 Sacrificial Pit
11:28 Black Citadel
12:57 Ziggurat
13:16 Tomb of Relics
14:12 Boneyard
15:09 Necropolis
16:52 Ziggurat
» items
| Rod of Necromancy | 2 | |
| Dust of Appearance | 1 | |
| Scroll of Town Portal | 5 | |
| Potion of Healing | 4 | |
| Scroll of Healing | 2 | |
| Scroll of Speed | 1 | |
15 total
Flashbang_Omnix (
green | 53 APM | 1364 actions | 25:36)
6 Mountain King
3 Storm Bolt
2 Bash
1 Avatar
» actions
| Basic commands | 74 | |
| Build / train | 78 | |
| ESC pressed | 5 | |
| Enter build submenu | 19 | |
| Enter hero's abilities submenu | 7 | |
| Give item / drop item | 2 | |
| Right click | 799 | |
| Select / deselect | 274 | |
| Use ability | 106 | |
1364 total
» units
| Peasant | 11 | |
| Footman | 6 | |
| Goblin Shredder | 1 | |
| Dragonhawk Rider | 13 | |
| Gnoll Overseer | 1 | |
| Gryphon Rider | 1 | |
33 total
» upgrades
| Defend | 1 | |
| Masonry | 3 | |
| Lumber Harvesting | 2 | |
| Armor | 3 | |
| Cloud | 1 | |
| Animal War Training | 1 | |
| Storm Hammers | 1 | |
| Swords | 2 | |
14 total
» buildings
| Barracks | 1 | |
| Farm | 7 | |
| Altar of Kings | 1 | |
| Scout Tower | 6 | |
| Lumber Mill | 1 | |
| Arcane Tower | 1 | |
| Guard Tower | 3 | |
| Keep | 1 | |
| Town Hall | 1 | |
| Blacksmith | 1 | |
| Arcane Vault | 1 | |
| Gryphon Aviary | 4 | |
| Castle | 1 | |
29 total
» build order
00:21 Barracks
00:30 Farm
00:38 Farm
00:47 Altar of Kings
03:25 Farm
03:26 Farm
03:51 Scout Tower
03:58 Lumber Mill
04:17 Scout Tower
04:22 Scout Tower
04:48 Arcane Tower
05:00 Guard Tower
05:01 Guard Tower
05:53 Keep
06:36 Town Hall
07:05 Blacksmith
07:09 Arcane Vault
08:39 Gryphon Aviary
09:04 Gryphon Aviary
09:25 Gryphon Aviary
09:58 Castle
13:29 Farm
13:30 Farm
13:32 Farm
14:26 Scout Tower
14:27 Scout Tower
14:28 Scout Tower
17:01 Guard Tower
17:06 Gryphon Aviary
» items
| Scroll of Town Portal | 4 | |
| Scroll of Regeneration | 3 | |
| Lesser Clarity Potion | 3 | |
| Potion of Healing | 5 | |
| Potion of Mana | 2 | |
| Orb of Fire | 1 | |
18 total
atyrt6 (
orange | 71 APM | 1374 actions | 19:19)
3 Blademaster
2 Wind Walk
1 Mirror Image
» actions
| Assign group hotkey | 6 | |
| Basic commands | 1 | |
| Build / train | 55 | |
| Enter build submenu | 28 | |
| Enter hero's abilities submenu | 3 | |
| Give item / drop item | 1 | |
| Right click | 463 | |
| Select / deselect | 158 | |
| Select group hotkey | 559 | |
| Use ability | 100 | |
1374 total
» units
| Peon | 14 | |
| Troll Headhunter/Berserker | 3 | |
| Troll Batrider | 7 | |
24 total
» upgrades
| Spiked Barricades | 1 | |
| Ranged Weapons | 3 | |
| Reinforced Defenses | 1 | |
| Liquid Fire | 1 | |
6 total
» buildings
| Orc Burrow | 4 | |
| Altar of Storms | 1 | |
| War Mill | 1 | |
| Voodoo Lounge | 6 | |
| Barracks | 2 | |
| Watch Tower | 9 | |
| Stronghold | 1 | |
| Fortress | 1 | |
| Beastiary | 3 | |
28 total
» build order
00:14 Orc Burrow
00:21 Altar of Storms
01:13 War Mill
01:42 Voodoo Lounge
01:55 Voodoo Lounge
02:16 Orc Burrow
02:54 Barracks
03:49 Barracks
04:16 Watch Tower
04:26 Watch Tower
04:52 Orc Burrow
05:07 Voodoo Lounge
05:43 Stronghold
05:54 Watch Tower
07:01 Orc Burrow
07:44 Voodoo Lounge
08:29 Fortress
08:49 Beastiary
09:23 Beastiary
09:39 Beastiary
09:55 Voodoo Lounge
10:42 Watch Tower
10:43 Watch Tower
12:47 Voodoo Lounge
18:23 Watch Tower
18:24 Watch Tower
18:28 Watch Tower
18:29 Watch Tower
» items
| Healing Salve | 2 | |
| Lesser Clarity Potion | 10 | |
| Scroll of Speed | 1 | |
| Scroll of Town Portal | 1 | |
| Potion of Mana | 3 | |
| Potion of Healing | 2 | |
19 total
team 2 (winner)

»
KODOS_FORSAKEN (
blue | 83 APM | 2118 actions | 25:36)
6 Crypt Lord
2 Carrion Beetles
3 Spiked Carapace
1 Locust Swarm
4 Death Knight
2 Death Coil
2 Unholy Aura
4 Lich
2 Frost Nova
2 Frost Armor
» actions
| Assign group hotkey | 180 | |
| Basic commands | 17 | |
| Build / train | 79 | |
| Enter build submenu | 26 | |
| Enter hero's abilities submenu | 14 | |
| Give item / drop item | 2 | |
| Right click | 763 | |
| Select / deselect | 548 | |
| Select group hotkey | 389 | |
| Use ability | 100 | |
2118 total
» units
| Acolyte | 12 | |
| Ghoul | 5 | |
| Crypt Fiend | 6 | |
| Frost Wyrm | 8 | |
| Goblin Shredder | 1 | |
32 total
» upgrades
| Creature Attack | 2 | |
| Web | 1 | |
| Creature Carapace | 3 | |
| Freezing Breath | 1 | |
7 total
» buildings
| Graveyard | 1 | |
| Crypt | 1 | |
| Altar of Darkness | 1 | |
| Ziggurat | 12 | |
| Tomb of Relics | 2 | |
| Nerubian Tower | 2 | |
| Halls of the Dead | 1 | |
| Necropolis | 1 | |
| Spirit Tower | 3 | |
| Sacrificial Pit | 1 | |
| Black Citadel | 1 | |
| Boneyard | 4 | |
30 total
» build order
00:09 Graveyard
00:13 Crypt
00:42 Altar of Darkness
00:57 Ziggurat
01:36 Tomb of Relics
02:01 Ziggurat
03:22 Nerubian Tower
04:29 Ziggurat
04:58 Ziggurat
06:18 Nerubian Tower
06:26 Halls of the Dead
06:53 Ziggurat
07:39 Necropolis
07:43 Ziggurat
07:54 Ziggurat
08:39 Spirit Tower
08:43 Tomb of Relics
09:01 Sacrificial Pit
09:38 Black Citadel
12:27 Boneyard
12:28 Boneyard
12:29 Boneyard
13:07 Boneyard
14:42 Ziggurat
14:43 Ziggurat
14:45 Ziggurat
16:24 Spirit Tower
16:56 Spirit Tower
18:10 Ziggurat
18:12 Ziggurat
» items
| Rod of Necromancy | 1 | |
| Sacrificial Skull | 1 | |
| Healing Salve | 1 | |
| Scroll of Speed | 2 | |
| Dust of Appearance | 1 | |
| Potion of Healing | 3 | |
| Scroll of Healing | 1 | |
| Orb of Corruption | 1 | |
| Potion of Mana | 2 | |
| Scroll of Town Portal | 1 | |
14 total
d3blows (
yellow | 59 APM | 1520 actions | 25:36)
6 Blademaster
2 Wind Walk
3 Critical Strike
1 Bladestorm
5 Shadow Hunter
2 Hex
3 Healing Wave
3 Tauren Chieftain
2 War Stomp
1 Endurance Aura
» actions
| Basic commands | 339 | |
| Build / train | 94 | |
| Enter build submenu | 20 | |
| Enter hero's abilities submenu | 14 | |
| Give item / drop item | 4 | |
| Right click | 408 | |
| Select / deselect | 496 | |
| Use ability | 145 | |
1520 total
» units
| Peon | 16 | |
| Grunt | 9 | |
| Wind Rider | 10 | |
| Troll Batrider | 15 | |
50 total
» upgrades
| Reinforced Defenses | 1 | |
| Ranged Weapons | 3 | |
| Envenomed Spears | 1 | |
| Liquid Fire | 1 | |
| Armor | 2 | |
8 total
» buildings
| Altar of Storms | 1 | |
| Orc Burrow | 8 | |
| Barracks | 1 | |
| Voodoo Lounge | 1 | |
| Stronghold | 1 | |
| War Mill | 1 | |
| Great Hall | 1 | |
| Beastiary | 2 | |
| Watch Tower | 5 | |
| Fortress | 2 | |
23 total
» build order
00:10 Altar of Storms
00:21 Orc Burrow
00:50 Barracks
01:31 Orc Burrow
01:50 Voodoo Lounge
03:44 Orc Burrow
04:14 Stronghold
04:57 War Mill
06:21 Great Hall
06:41 Orc Burrow
06:42 Beastiary
07:22 Beastiary
07:33 Watch Tower
10:20 Fortress
10:20 Fortress
11:06 Orc Burrow
11:08 Orc Burrow
13:02 Orc Burrow
16:35 Watch Tower
19:20 Watch Tower
19:22 Watch Tower
19:26 Watch Tower
24:34 Orc Burrow
» items
| Healing Salve | 6 | |
| Scroll of Speed | 1 | |
| Lesser Clarity Potion | 2 | |
| Orb of Lightning | 1 | |
| Scroll of Town Portal | 1 | |
11 total
death_king77 (
purple | 46 APM | 1181 actions | 25:36)
6 Blademaster
3 Wind Walk
3 Critical Strike
2 Shadow Hunter
1 Hex
1 Healing Wave
» actions
| Assign group hotkey | 1 | |
| Basic commands | 209 | |
| Build / train | 78 | |
| ESC pressed | 2 | |
| Enter build submenu | 30 | |
| Enter hero's abilities submenu | 7 | |
| Give item / drop item | 2 | |
| Remove unit from queue | 2 | |
| Right click | 287 | |
| Select / deselect | 265 | |
| Select group hotkey | 209 | |
| Use ability | 89 | |
1181 total
» units
| Peon | 40 | |
| Grunt | 7 | |
| Shaman | 4 | |
| Tauren | 5 | |
56 total
» upgrades
| Shaman Training | 2 | |
| Melee Weapons | 3 | |
| Armor | 1 | |
6 total
» buildings
| Altar of Storms | 1 | |
| Orc Burrow | 11 | |
| Barracks | 1 | |
| Voodoo Lounge | 1 | |
| Stronghold | 1 | |
| War Mill | 2 | |
| Great Hall | 2 | |
| Fortress | 1 | |
| Spirit Lodge | 1 | |
| Watch Tower | 2 | |
| Tauren Totem | 3 | |
26 total
» build order
00:06 Altar of Storms
00:12 Orc Burrow
00:31 Barracks
01:36 Orc Burrow
02:27 Voodoo Lounge
03:34 Stronghold
04:21 War Mill
06:25 Orc Burrow
06:50 Great Hall
06:57 Fortress
07:20 Spirit Lodge
09:27 Orc Burrow
11:16 Orc Burrow
12:10 War Mill
13:51 Watch Tower
13:56 Watch Tower
14:54 Tauren Totem
15:25 Tauren Totem
16:02 Tauren Totem
16:36 Orc Burrow
16:40 Orc Burrow
17:57 Orc Burrow
20:24 Great Hall
20:32 Orc Burrow
21:47 Orc Burrow
22:46 Orc Burrow
» items
| Healing Salve | 1 | |
| Orb of Lightning | 1 | |
2 total
KiRoLeX (
red | 57 APM | 1471 actions | 25:36)
3 Death Knight
1 Unholy Aura
2 Death Coil
3 Crypt Lord
2 Impale
1 Spiked Carapace
» actions
| Assign group hotkey | 32 | |
| Basic commands | 173 | |
| Build / train | 54 | |
| Enter build submenu | 19 | |
| Enter hero's abilities submenu | 6 | |
| Right click | 326 | |
| Select / deselect | 250 | |
| Select group hotkey | 566 | |
| Use ability | 45 | |
1471 total
» units
| Acolyte | 8 | |
| Ghoul | 6 | |
| Crypt Fiend | 12 | |
| Frost Wyrm | 5 | |
31 total
» upgrades
| Creature Attack | 2 | |
| Creature Carapace | 2 | |
| Web | 1 | |
| Freezing Breath | 1 | |
6 total
» buildings
| Altar of Darkness | 1 | |
| Ziggurat | 9 | |
| Crypt | 1 | |
| Graveyard | 1 | |
| Halls of the Dead | 2 | |
| Black Citadel | 1 | |
| Sacrificial Pit | 1 | |
| Boneyard | 2 | |
| Necropolis | 1 | |
19 total
» build order
00:06 Altar of Darkness
00:07 Ziggurat
00:33 Crypt
01:02 Ziggurat
01:24 Graveyard
02:57 Halls of the Dead
02:57 Halls of the Dead
04:16 Ziggurat
05:51 Black Citadel
05:54 Sacrificial Pit
07:25 Ziggurat
08:23 Boneyard
08:24 Boneyard
10:40 Ziggurat
10:41 Ziggurat
10:42 Ziggurat
13:06 Ziggurat
13:07 Ziggurat
22:48 Necropolis
» items
| Scroll of Town Portal | 1 | |
| Scroll of Speed | 1 | |
2 total
Chat log
(00:14 / Allies) Flashbang_Omnix: kodos might tower rush
(00:23 / All) KODOS_FORSAKEN: kodo #1
(00:27 / Allies) WoaahH: he left in begin on my last game
(00:32 / Allies) YeaIguess: yea hes knoiwn to do that
(00:37 / All) WoaahH: not leaving this time kodo?
(00:47 / All) KODOS_FORSAKEN: u scured
(00:56 / All) WoaahH: fo realz
(01:06 / Allies) Flashbang_Omnix: watch out for the tower rush
(01:07 / Allies) Flashbang_Omnix: guys
(01:59 / Allies) Flashbang_Omnix: pink
(02:01 / Allies) Flashbang_Omnix: check your base
(02:34 / Allies) YeaIguess: .. green
(02:39 / Allies) Flashbang_Omnix: what
(02:57 / Allies) YeaIguess: nice tight build =)
(03:50 / All) YeaIguess: =)
(04:27 / Allies) WoaahH: go again
(04:27 / Allies) WoaahH: oj
(04:32 / Allies) WoaahH: or purp
(04:57 / Allies) YeaIguess: green
(04:59 / Allies) YeaIguess: creep
(05:05 / Allies) WoaahH: gburrow
(05:21 / Allies) atyrt6: heal
(05:25 / Allies) atyrt6: me
(07:18 / Allies) WoaahH: burrow
(09:12 / Allies) YeaIguess: green
(09:16 / Allies) Flashbang_Omnix: what?
(09:21 / Allies) YeaIguess: whata re u getting?
(09:28 / Allies) Flashbang_Omnix: argh
(09:33 / Allies) Flashbang_Omnix: hawks
(11:04 / Allies) WoaahH: om
(12:21 / All) KODOS_FORSAKEN: lmao
(13:59 / All) KODOS_FORSAKEN: gg nurds
(14:05 / All) Flashbang_Omnix: huh?
(14:13 / All) KODOS_FORSAKEN: you lose kodo #1
(16:00 / Allies) YeaIguess: green
(16:12 / Allies) Flashbang_Omnix: yeah im screwed
(16:18 / All) KODOS_FORSAKEN: rookie
(16:31 / All) KiRoLeX: gg
(16:33 / Allies) WoaahH: mass bats
(16:34 / Allies) WoaahH: ok
(16:35 / Allies) Flashbang_Omnix: didnt even have time to retreat in there
(16:38 / Allies) WoaahH: ]nvm
(16:39 / Allies) WoaahH: u have
(16:44 / Allies) Flashbang_Omnix: get aa pink
(16:48 / Allies) Flashbang_Omnix: dude not just ME
(16:51 / Allies) Flashbang_Omnix: you get some too
(16:57 / Allies) Flashbang_Omnix: I just owned owned badly!
(17:33 / Allies) Flashbang_Omnix: top NOW
(18:59 / Allies) WoaahH: no men oj
(19:02 / Allies) WoaahH: save it with ur bats
(19:36 / Allies) Flashbang_Omnix: i know i screw this up
(19:39 / Allies) Flashbang_Omnix: big time
(19:53 / All) Flashbang_Omnix: the only reason you win:
(19:58 / All) KODOS_FORSAKEN: cause im pro
(20:08 / All) Flashbang_Omnix: no you suck
(20:11 / All) Flashbang_Omnix: without your teammates
(20:16 / All) KODOS_FORSAKEN: ol
(20:18 / All) Flashbang_Omnix: i blew it up
(20:57 / All) YeaIguess: gg
(20:59 / All) Flashbang_Omnix: plus
(21:11 / All) Flashbang_Omnix: orange was too independant by himself
(21:15 / All) KODOS_FORSAKEN: shut up nerd
(21:17 / All) Flashbang_Omnix: losing the team focus
(21:18 / All) death_king77: he was annoying as fuck
(21:21 / All) KiRoLeX: rapoed yall
(21:33 / All) Flashbang_Omnix: he was annoying im sure but...
(21:39 / All) KiRoLeX: raped
(21:39 / All) Flashbang_Omnix: fact is
(21:46 / All) Flashbang_Omnix: i'll bet he had lots of gold
(21:47 / All) KiRoLeX: ur a noob
(21:48 / All) Flashbang_Omnix: cuz of that
(21:54 / All) Flashbang_Omnix: ur a noob too red
(21:57 / All) Flashbang_Omnix: dont prejudge
(22:02 / All) KiRoLeX: leave now noob
(22:04 / All) Flashbang_Omnix: you have no idea who I am
(22:06 / All) death_king77: keep talking...,u lost
(22:15 / All) KiRoLeX: plz keep talking
(22:20 / All) Flashbang_Omnix: I'll waste my time since kodos is here
(22:54 / All) Flashbang_Omnix: anyways I was overconfident about my aa
(23:02 / All) Flashbang_Omnix: if havent been for the bats
(23:07 / All) d3blows: :P
(23:09 / All) Flashbang_Omnix: this might have been a win for me
(23:19 / All) d3blows: too bad, I expect it
(23:26 / All) Flashbang_Omnix: cause you hack?
(23:38 / All) d3blows: yea red and my harass was a hack, clearly
(23:44 / All) Flashbang_Omnix: did ya specifically excepted dragon hawks?
(24:02 / All) d3blows: 4 avaries, not hard to see you could not afford to mass gryphs that early kid
(24:07 / All) d3blows: its called experience
(24:09 / All) d3blows: look it up
(24:13 / All) Flashbang_Omnix: common sense
(24:19 / All) Flashbang_Omnix: okay you have a point
(24:24 / All) Flashbang_Omnix: since ya guys saw my base
(24:38 / All) Flashbang_Omnix: this time I should have went tanks
(24:51 / All) Flashbang_Omnix: but I don't get them because they too big and slow
(24:55 / All) Flashbang_Omnix: moving
(25:03 / All) Flashbang_Omnix: i think I woulda lost either way
(25:09 / All) d3blows: yes
(25:13 / All) KODOS_FORSAKEN: dur you're vs me
(25:15 / All) KODOS_FORSAKEN: immpro
(25:26 / All) Flashbang_Omnix: yeah you're better kodos
(25:28 / All) Flashbang_Omnix: im sure
(25:31 / All) Flashbang_Omnix: ha!